 Dungeon Crawl Stone Soup version 0.30-a0-177-g1cb5dbfd7a (webtiles) character file.

Game seed: 14449071094751395093

1369 bande the Chopper (level 8, -6/50 HPs)
             Began as a Gargoyle Fighter on Oct 3, 2022.
             Killed from afar by a steam dragon (18 damage)
             ... with a ball of steam
             ... on level 6 of the Dungeon.
             The game lasted 00:08:44 (6084 turns).

bande the Chopper (Gargoyle Fighter)                Turns: 6084, Time: 00:08:46

Health: -6/50      AC: 26    Str: 26    XL:     8   Next: 65%
Magic:  8/8        EV:  7    Int:  9    God:
Gold:   305        SH: 10    Dex: 11    Spells: 7/7 levels left

rFire   . . .      SeeInvis .    a - +0 war axe
rCold   . . .      Faith    .    c - +0 buckler
rNeg    + . .      Spirit   .    o - +0 plate armour
rPois   ∞          Reflect  +    f - +1 helmet
rElec   +          Harm     .    u - +1 cloak
rCorr   .          Rampage  .    s - +2 pair of gloves
Will    .....                    (no boots)
Stlth   ..........               i - amulet of reflection
HPRegen 0.28/turn                x - +6 ring of strength
MPRegen 0.11/turn                (no ring)

@: no status effects
A: sickness immunity, AC +5, negative energy resistance 1, electricity
resistance, torment resistance 1, petrification resistance
a: no special abilities


You were on level 6 of the Dungeon.
You visited 2 branches of the dungeon, and saw 7 of its levels.

You collected 305 gold pieces.

Inventory:

Hand Weapons
 a - a +0 war axe (weapon)
 k - a +0 flail of holy wrath
Armour
 c - a +0 buckler (worn)
 f - a +1 helmet (worn)
 o - a +0 plate armour (worn)
 s - a +2 pair of gloves (worn)
 u - a +1 cloak (worn)
Jewellery
 i - an amulet of reflection (around neck)
 x - a +6 ring of strength (left hand)
Wands
 j - a wand of flame (24)
 v - a wand of charming (10)
Scrolls
 e - 8 scrolls of teleportation
 l - 3 scrolls of poison
 m - a scroll of butterflies
Potions
 b - a potion of resistance
 d - 6 potions of might
 g - a potion of attraction
 h - a potion of magic
 n - a potion of cancellation
 p - 2 potions of haste
 t - a potion of flight {unknown}
 w - a potion of heal wounds {unknown}


   Skills:
 + Level 5.4 Fighting
 + Level 7.2 Axes
 + Level 6.1 Armour
 + Level 4.7 Shields


You had 7 spell levels left.
You didn't know any spells.
Your spell library contained the following spells:

 Spells                   Type           Power      Damage    Failure   Level
 Apportation              Tloc           0%         N/A       100%        1
 Kiss of Death            Conj/Necr      0%         2d5       100%        1
 Necrotise                Necr           0%         1d4       100%        1
 Summon Small Mammal      Summ           0%         N/A       100%        1
 Ensorcelled Hibernation  Hex/Ice        0%         N/A       100%        2
 Passwall                 Tmut/Erth      0%         N/A       100%        2
 Call Canine Familiar     Summ           0%         N/A       100%        3
 Confusing Touch          Hex            0%         N/A       100%        3
 Gell's Gravitas          Tloc           0%         N/A       100%        3
 Lesser Beckoning         Tloc           0%         N/A       100%        3
 Portal Projectile        Hex/Tloc       0%         N/A       100%        3
 Swiftness                Air            0%         N/A       100%        3
 Teleport Other           Tloc           0%         N/A       100%        3
 Dispel Undead            Necr           0%         3d6       100%        4
 Leda's Liquefaction      Hex/Erth       0%         N/A       100%        4


Dungeon Overview and Level Annotations

Branches:
Dungeon (6/15)             Temple (1/1) D:5

Altars:
Ashenzari
Cheibriados
Elyvilon
Makhleb
Ru
Trog
Uskayaw
Vehumet
Wu Jian
Xom
Yredelemnul
Zin
The Shining One

Shops:
D:1 [


Innate Abilities, Weirdness & Mutations

You are immune to sickness and miasma.
Your stone body is resilient. (AC +5)
You are immune to poison.
You resist negative energy. (rN+)
You are resistant to electric shocks. (rElec)
You are resistant to unholy torment.
You are immune to petrification.


Message History

The orc warrior hits you but does no damage.
You closely miss the orc warrior.
The orc warrior is heavily wounded.
The orc warrior hits you but does no damage.
You slice the orc warrior!!
You kill the orc warrior!
Items here: ( )) [ ††.
Unknown command.
You start resting.
A steam dragon comes into view.
A steam dragon is nearby!
The steam dragon hisses angrily.
The steam dragon breathes steam at you. The ball of steam hits you.
You are engulfed in a cloud of scalding steam.
You are engulfed in a cloud of scalding steam.
The steam dragon bites you but does no damage.
The steam dragon claws you but does no damage.
You closely miss the steam dragon.
You are engulfed in a cloud of scalding steam.
The steam dragon bites you but does no damage.
The steam dragon completely misses you.
You hit the steam dragon.
The steam dragon is lightly wounded.
You are engulfed in a cloud of scalding steam.
The steam dragon bites you but does no damage.
The steam dragon claws you.
You hit the steam dragon.
The steam dragon is lightly wounded.
The steam dragon bites you.
* * * LOW HITPOINT WARNING * * *
The steam dragon barely misses you.
You hit the steam dragon but do no damage.
The steam dragon is lightly wounded.
The steam dragon bites you.
* * * LOW HITPOINT WARNING * * *
You block the steam dragon's attack. The steam dragon breathes steam at you.
The ball of steam hits you!!
You die...

.... #.....
#.....#######
#...........#
#........)..#
#.$......)).#
...........#
######..§....#
.....'D@..§..#
######.!..§..#
...........#
#######....###########
...'..............
####.....$......#
###..........#
#..........#
#........[.#


You could see a steam dragon (catching breath).

Vanquished Creatures
  2 ice beasts
  An orc warrior (D:6)
  A centaur (D:6)
  2 phantoms
  Blork the orc (D:4)
  A gnoll sergeant (D:6)
  A necrophage (D:4)
  2 scorpions
  A crimson imp (D:3)
  2 orc priests
  Crazy Yiuf (D:5)
  Natasha (thrice) (D:3)
  An iguana (D:6)
  An orc wizard (D:3)
  Robin (D:2)
  4 gnolls (D:6)
  11 adders
  3 dart slugs
  27 orcs
  6 bats
  6 endoplasms
  4 giant cockroaches
  9 hobgoblins
  4 quokkas
  3 ball pythons
  3 frilled lizards (D:1)
  14 goblins
  7 kobolds
  9 rats
131 creatures vanquished.

Vanquished Creatures (others)
  An orc wizard (D:6)
1 creature vanquished.

Grand Total: 132 creatures vanquished

Notes
Turn   | Place    | Note
-------+----------+-------------------------------------------
     0 | D:1      | bande the Gargoyle Fighter began the quest for the Orb.
     0 | D:1      | Reached XP level 1. HP: 14/14 MP: 1/1
   289 | D:1      | Reached XP level 2. HP: 19/19 MP: 2/2
   295 | D:1      | Found a faded altar of an unknown god.
   319 | D:1      | Reached skill level 2 in Axes
   479 | D:1      | Found Toeth's Antique Armour Emporium.
   875 | D:1      | Reached XP level 3. HP: 19/23 MP: 3/3
  1104 | D:2      | Reached XP level 4. HP: 29/29 MP: 4/4
  1125 | D:2      | Reached skill level 3 in Axes
  1496 | D:3      | Noticed Robin
  1503 | D:3      | Noticed Natasha
  2252 | D:3      | Killed Natasha
  2253 | D:3      | Reached XP level 5. HP: 18/33 MP: 5/5
  2257 | D:2      | Killed Robin
  2513 | D:3      | Noticed Natasha
  2529 | D:3      | Found a broken altar of Ashenzari.
  2538 | D:3      | Killed Natasha
  2587 | D:3      | Reached skill level 4 in Axes
  2587 | D:3      | Reached XP level 6. HP: 7/38 MP: 6/6
  2722 | D:3      | Noticed Natasha
  2733 | D:3      | Killed Natasha
  2810 | D:3      | Found a glowing silver altar of Zin.
  3070 | D:3      | Found a radiant altar of Vehumet.
  3071 | D:3      | Found a burning altar of Makhleb.
  3259 | D:4      | Found the +5 robe of Misfortune {Harm *Corrode *Slow EV+5}
  3834 | D:4      | Noticed Blork the orc
  3840 | D:4      | Reached XP level 7. HP: 33/44 MP: 7/7
  3853 | D:4      | Killed Blork the orc
  3854 | D:4      | Reached skill level 5 in Axes
  3854 | D:4      | Reached skill level 5 in Armour
  4297 | D:5      | Entered Level 5 of the Dungeon
  4480 | D:5      | Found a runed translucent door.
  4481 | D:5      | Noticed Crazy Yiuf
  4958 | D:5      | Found a staircase to the Ecumenical Temple.
  4975 | Temple   | Entered the Ecumenical Temple
  5231 | D:5      | Reached skill level 6 in Axes
  5487 | D:5      | Reached skill level 5 in Fighting
  5601 | D:5      | Paralysed by Crazy Yiuf for 5 turns
  5608 | D:5      | Killed Crazy Yiuf
  5609 | D:5      | Reached XP level 8. HP: 20/49 MP: 8/8
  6043 | D:6      | Reached skill level 7 in Axes
  6084 | D:6      | Killed from afar by a steam dragon

Illustrated notes

Levels and vault maps discovered:
D:1:      grunt_arrival_lava_bath, layout_loops_ring, serial_shops, shop_coins,
          chequers_ecumenical_altar_simple_redux, minivault_5,
          amcnicky_mini_pool_small, minmay_quantized
D:2:      minmay_wonky_spiral, layout_rooms
D:3:      layout_rooms, grunt_temple_overflow_lords_of_destruction,
          cheibrodos_ashenzari_chains, mainiacjoe_overflow_six_doors_small,
          uniq_robin, uniq_natasha
D:4:      layout_loops_cross, uniq_blork_the_orc
D:5:      layout_loops_corners, minmay_temple_entry_ruins,
          uniq_crazy_yiuf_cottage
D:6:      layout_basic, kennysheep_mini_moat
Temple:   nicolae_temple_bog_church

Skill      XL: |  1  2  3  4  5  6  7  8 |
---------------+-------------------------+-----
Axes           | 2 3 4 6 7 |  7.2
Armour         | 4 5 6 |  6.1
Fighting       | 4 5 |  5.4
Shields        | 4 |  4.7

Action                   |  1- 3 |  4- 6 |  7- 9 || total
-------------------------+-------+-------+-------++-------
Melee: War axe           |   103 |   221 |   110 ||   434
  Use: Scroll            |       |    13 |     2 ||    15
Armor: Scale mail        |    68 |   164 |       ||   232
       Plate armour      |       |    38 |   124 ||   162
Dodge: Dodged            |    54 |   119 |    27 ||   200
Block: Buckler           |    20 |    43 |    56 ||   119
       Reflection        |       |       |     3 ||     3

Table legend: (Time is in decaauts)
 A = Elapsed time spent in this place.
 B = Non-inter-level travel time spent in this place.
 C = Inter-level travel time spent in this place.
 D = Time resting spent in this place.
 E = Time spent auto-exploring this place.
 F = Levels seen in this place.
 G = Mean time per level.
                   A        B        C        D        E       F      G
               +--------+--------+--------+--------+--------+-----+--------+
         Total |   6251 |   6216 |     35 |   1953 |   2900 |   7 |  893.0 |
       Dungeon |   6040 |   6005 |     35 |   1953 |   2752 |   6 | 1006.7 |
        Temple |    211 |    211 |      0 |      0 |    148 |   1 |  211.0 |
               +--------+--------+--------+--------+--------+-----+--------+

Top non-repeatable levels by time:
     D:2: 1689 daAuts
     D:5: 1277 daAuts
     D:4: 1066 daAuts
     D:1: 973 daAuts
     D:3: 708 daAuts
     D:6: 324 daAuts
  Temple: 211 daAuts
